Map: Deathaura LE

Players

Creed

  • Race: Terran Terran
  • League: Master
  • Spawn Location: 11:00

TLHarstem (Harstem) - Winner!

  • Race: Protoss Protoss
  • League: Master
  • Spawn Location: 5:00

VOD

Have the link to the VOD?

Description

Time

  • Played on: March 22, 2021, 6:18 a.m.
  • Length: 7:45
Show
View Real Time Build Order
Export as new Build Order

Creed Terran 

Build Orders: Reaper Expand 

Get SALT Encoding   

  12  0:00  SCV  
  13  0:12  SCV  
  14  0:17  Supply Depot  
  14  0:24  SCV  
  15  0:39  SCV  
  15  0:40  Barracks  
  16  0:45  Refinery  
  16  0:51  SCV  
  17  1:03  SCV  
  18  1:15  SCV  
  19  1:28  Orbital Command  
  19  1:29  Reaper  
  20  1:41  Command Center  
  20  1:52  Supply Depot  
  20  1:56  SCV  
  20  2:01  Marine  
  22  2:06  Factory  
  22  2:09  SCV  
  23  2:17  Refinery  
  23  2:18  Marine  
  23  2:22  SCV  
  25  2:27  Bunker  
  25  2:34  SCV  
  25  2:36  Marine  
  27  2:46  SCV  
  27  2:50  Factory Tech Lab, Engineering Bay  
  27  2:54  Marine  
  28  2:59  Orbital Command  
  28  3:08  Cyclone  
  31  3:16  Mag-Field Accelerator  
  31  3:17  Marine  
  31  3:19  SCV  
  33  3:32  Missile Turret  
  33  3:34  Missile Turret  
  33  3:39  Supply Depot  
  33  3:41  Cyclone  
  33  4:03  Marine  
  30  4:13  Cyclone  
  29  4:20  Marine, SCV  
  29  4:21  Missile Turret  
  31  4:26  SCV  
  31  4:29  Supply Depot  
  32  4:33  SCV  
  32  4:38  SCV, Marine  
  34  4:45  Cyclone  
  38  4:46  SCV  
  38  4:50  SCV  
  40  4:56  Marine  
  39  5:14  Marine  
  39  5:15  SCV x2  
  39  5:17  Cyclone  
  45  5:27  SCV  
  45  5:49  Cyclone  
  48  5:51  Marine  
  48  5:53  SCV  
  48  5:54  Barracks  
  48  5:55  Starport  
  48  5:56  SCV  
  43  6:21  Cyclone  
  43  6:25  SCV x2  
  48  6:26  Missile Turret  
  47  6:34  Marine  
  47  6:39  Medivac, Bunker  
  50  6:43  Marine  
  50  6:44  SCV  
  52  6:52  Marine  
  41  7:10  Marine  
Show
View Real Time Build Order
Export as new Build Order

TLHarstem Protoss - Winner!

Build Orders: Proxy Void Ray 

Get SALT Encoding   

  13  0:12  Pylon  
  12  0:14  Probe  
  13  0:27  Probe (Chrono Boost)  
  14  0:30  Gateway  
  14  0:39  Probe (Chrono Boost)  
  14  0:41  Assimilator  
  15  0:44  Probe (Chrono Boost)  
  16  0:53  Probe  
  16  0:55  Assimilator  
  17  1:05  Probe  
  18  1:17  Cybernetics Core, Probe  
  19  1:29  Probe  
  20  1:36  Pylon  
  20  1:41  Probe  
  21  1:53  Adept (Chrono Boost), Probe  
  22  1:54  Stargate  
  24  2:06  Probe  
  25  2:12  Pylon  
  25  2:16  Adept  
  27  2:29  Void Ray (Chrono Boost)  
  31  2:53  Pylon  
  31  2:59  Void Ray (Chrono Boost)  
  31  3:04  Pylon  
  35  3:25  Shield Battery x2  
  35  3:31  Adept  
  35  3:33  Void Ray (Chrono Boost)  
  41  4:01  Void Ray (Chrono Boost)  
  39  4:04  Probe  
  39  4:07  Shield Battery x2  
  42  4:21  Assimilator  
  42  4:24  Pylon  
  42  4:25  Probe  
  42  4:26  Shield Battery  
  43  4:39  Void Ray (Chrono Boost)  
  47  4:49  Probe  
  48  4:54  Pylon, Warp Gate  
  48  4:55  Gateway  
  48  4:56  Gateway  
  48  5:14  Void Ray (Chrono Boost)  
  46  5:17  Shield Battery  
  46  5:21  Stalker  
  52  5:43  Void Ray (Chrono Boost)  
  56  5:55  Stalker x2  
  60  5:57  Pylon  
  60  6:18  Void Ray (Chrono Boost)  
  52  6:19  Probe  
  57  6:43  Stalker x2  
  57  6:45  Stalker  
  49  7:16  Zealot, Stalker x2  
  49  7:18  Shield Battery  
  49  7:21  Probe  
  56  7:30  Pylon  
  60  7:39  Zealot x3  
  60  7:41  Pylon  
Tags
 
Add a new tag
Caveats
  • Supply blocks, unpowered buildings, or Contaminate may cause inaccurate times.
  • Supply counts are checked every 10 seconds.